 Dungeon Crawl Stone Soup version 0.30.0-5-g1a98f26d00 (webtiles) character file.

Game seed: 13114647445857025068

74 Pimp the Trooper (level 4, -5/40 HPs)
             Began as a Hill Orc Fighter on May 8, 2023.
             Slain by Sigmund
             ... wielding a +0 scythe
              (7 damage)
             ... on level 2 of the Dungeon.
             The game lasted 00:03:35 (1046 turns).

Pimp the Trooper (Hill Orc Fighter)                 Turns: 1046, Time: 00:03:36

Health: -5/40      AC:  7    Str: 18    XL:     4   Next: 30%
Magic:  4/4        EV:  9    Int: 10    God:
Gold:   89         SH:  4    Dex: 10    Spells: 3/3 levels left

rFire   . . .        a - +0 war axe
rCold   . . .        c - +0 buckler
rNeg    . . .        b - +0 scale mail
rPois   .            (no helmet)
rElec   .            (no cloak)
rCorr   .            (no gloves)
SInv    .            (no boots)
Will    .....        (no amulet) Stlth
                     (no ring)
HPRegen 0.26/turn    (no ring)
MPRegen 0.09/turn

%: no passive effects
@: mighty, attractive
A: no striking features
a: no special abilities


You were on level 2 of the Dungeon.
You visited 1 branch of the dungeon, and saw 2 of its levels.

You collected 89 gold pieces.

Inventory:

Hand Weapons
 a - a +0 war axe (weapon)
Armour
 b - a +0 scale mail (worn)
 c - a +0 buckler (worn)
Scrolls
 e - 4 scrolls of identify {unknown}
 f - 3 scrolls of fear {unknown}
 h - a scroll of enchant weapon {unknown}
 k - a scroll of brand weapon {unknown}
Potions
 j - a potion of mutation {unknown}


   Skills:
 + Level 4.3 Fighting
 + Level 3.8 Axes
 + Level 3.9 Armour
 + Level 3.9 Shields


You had 3 spell levels left.
You didn't know any spells.
Your spell library was empty.

Dungeon Overview and Level Annotations

Branches:
Dungeon (2/15)

Altars:

Annotations:
D:2 Sigmund


Message History

* * * LOW HITPOINT WARNING * * *
Robin hits you but does no damage. Something hits you but does no damage.
Items here: (( )))))) †††††.
You hit Robin.
You kill Robin!
Something hits you but does no damage.
Items here: ! )) [[ †.
You hit something. Something hits you but does no damage.
You miss something.
You hear some strange, mumbled words.
A magic dart appears from out of thin air!
The magic dart hits you.
* * * LOW HITPOINT WARNING * * *
You closely miss something. Something hits you but does no damage.
You closely miss something.
You hear some strange, mumbled words.
You are confused.
You hit something.
You hear some strange, mumbled words.
A puff of flame appears from out of thin air!
The puff of flame misses you. Something hits you.
* * * LOW HITPOINT WARNING * * *
Items here: (( )))))) †††††.
You bump into the tree.
Something hits you.
* * * LOW HITPOINT WARNING * * *
It was a potion of curing.
You feel better. Something hits you but does no damage.
Things that are here:
a +0 dagger; a +0 sling It was a potion of attraction.
You feel attractive to monsters. You block something's attack.
Something is attracted toward you.
You feel very mighty all of a sudden.
You hear some strange, mumbled words.
A puff of flame appears from out of thin air!
The puff of flame hits you!
* * * LOW HITPOINT WARNING * * *
Unknown command.
You barely miss something. Something hits you!
You die...

##.......##......♣
#...............♣
#...............♣
#.......#......
#.......#..... ♣
♣.♣.....#..... #
#.......# ..<. ##
♣.♣#♣#### . ##.
#.@{§)###.... ...
♣#♣#♣)....... #
#........ ##
......... ..#.
.......... ....
........... ...#
............ ..
♣♣...........
PP###.##....


There were no monsters in sight!

Vanquished Creatures
  Robin (D:2)
  An adder (D:2)
  2 bats (D:1)
  3 endoplasms
  A giant cockroach (D:2)
  10 goblins
  5 hobgoblins
  6 jackals (D:2)
  A quokka (D:2)
  6 ball pythons
  2 frilled lizards
  7 kobolds
  3 rats
48 creatures vanquished.

Notes
Turn   | Place    | Note
-------+----------+-------------------------------------------
     0 | D:1      | Pimp the Hill Orc Fighter began the quest for the Orb.
     0 | D:1      | Reached XP level 1. HP: 19/19 MP: 1/1
   370 | D:1      | Reached XP level 2. HP: 26/27 MP: 2/2
   885 | D:2      | Reached skill level 4 in Fighting
   885 | D:2      | Reached XP level 3. HP: 32/33 MP: 3/3
  1009 | D:2      | Noticed Robin
  1015 | D:2      | Noticed Sigmund
  1023 | D:2      | Reached XP level 4. HP: 25/40 MP: 4/4
  1031 | D:2      | Killed Robin
  1039 | D:2      | HP: 1/40 [something (4)]
  1045 | D:2      | HP: 2/40 [something/puff of flame (11)]
  1046 | D:2      | Slain by Sigmund

Illustrated notes

Levels and vault maps discovered:
D:1:      scummos_arrival_star, layout_loops_corners, minivault_11
D:2:      layout_rooms, shapermc_ecumenical_altar_venn, serial_forest,
          infiniplex_forest_lined_3, infiniplex_forest_lined_2,
          infiniplex_forest_pool, infiniplex_forest_clump_small,
          infiniplex_forest_zigzag_2, infiniplex_forest_end_2,
          infiniplex_forest_lined_corner, uniq_sigmund, uniq_robin

Skill      XL: |  1  2 |
---------------+-------+-----
Axes           | 3 |  3.8
Fighting       | 4 |  4.3
Armour         | |  3.9
Shields        | |  3.9

Action                     |  1- 3 |  4- 6 || total
---------------------------+-------+-------++-------
  Melee: War axe           |    98 |    14 ||   112
    Use: Potion            |       |     3 ||     3
 Armour: Scale mail        |    55 |     9 ||    64
  Dodge: Dodged            |    71 |     8 ||    79
  Block: Buckler           |    43 |     2 ||    45
